 Dungeon Crawl Stone Soup version 0.25.1-2-g60ff931df9 (webtiles) character file.

Game seed: 13300998387138973284

2278 gruber the Grappler (level 9, 0/71 HPs)
             Began as a White Draconian Transmuter on Oct 4, 2020.
             Was a Follower of Sif Muna.
             Killed by divine providence
             ... invoked by an orc priest
              (10 damage)
             ... on level 6 of the Dungeon.
             The game lasted 00:08:55 (7125 turns).

gruber the Grappler (White Draconian Transmuter)    Turns: 7125, Time: 00:08:55

Health: 0/71       AC:  2    Str: 13    XL:     9   Next: 16%
Magic:  12/13      EV: 24    Int: 16    God:    Sif Muna [*.....]
Gold:   258        SH:  0    Dex: 17    Spells: 4/14 levels left

rFire    . . .     SeeInvis .     - Unarmed
rCold    . . .     Gourm    .   (shield currently unavailable)
rNeg     . . .     Faith    .   (armour unavailable)
rPois    x         Spirit   .   (helmet currently unavailable)
rElec    .         Reflect  .   (cloak currently unavailable)
rCorr    .         Harm     .   (gloves currently unavailable)
MR       .....                  (boots currently unavailable)
Stlth    ++........             (no amulet)
HPRegen  0.21/turn              h - +4 ring of evasion
MPRegen  0.13/turn              B - ring of flight (curse)

@: spider-form
A: tiny, (breathe frost), unfitting armour, AC +7
a: End Transformation, Channel Magic, Renounce Religion, Evoke Flight


You were on level 6 of the Dungeon.
You worshipped Sif Muna.
Sif Muna was aware of your devotion.
You were hungry.
You were a venomous arachnid creature.
You visited 2 branches of the dungeon, and saw 7 of its levels.

You collected 258 gold pieces.

Inventory:

Missiles
 a - 90 arrows
Armour
 b - a +0 cloak (melded)
 g - a +0 pair of gloves (melded)
 x - a +0 leather armour
Jewellery
 h - a +4 ring of evasion (left front leg)
 t - an uncursed ring of ice
 B - a cursed ring of flight (right front leg)
 D - an uncursed ring of poison resistance
 F - a cursed amulet of inaccuracy {unknown}
Wands
 G - a wand of digging (7)
Scrolls
 d - 3 scrolls of amnesia {unknown}
 m - 6 scrolls of teleportation {unknown}
 n - a scroll of remove curse {unknown}
 q - 2 scrolls of enchant weapon {unknown}
 r - 2 scrolls of fear {unknown}
 s - a scroll of magic mapping {unknown}
 v - 3 scrolls of enchant armour {unknown}
 w - 3 scrolls of random uselessness {unknown}
 y - a scroll of identify {unknown}
 A - a scroll of fog {unknown}
Potions
 e - a potion of magic {unknown}
 f - 4 potions of curing {unknown}
 i - 2 potions of stabbing {unknown}
 j - a potion of heal wounds {unknown}
 k - 2 potions of lignification {unknown}
 l - 3 potions of might {unknown}
 o - a potion of mutation {unknown}
 p - a potion of cancellation {unknown}
 u - a potion of ambrosia {unknown}
 z - a potion of berserk rage {unknown}
 C - a potion of degeneration {unknown}
 E - 2 potions of haste {unknown}
 I - a potion of experience {unknown}
 J - a potion of brilliance {unknown}
Comestibles
 c - 10 rations


   Skills:
 - Level 4.2 Fighting
 - Level 2.2 Dodging
 - Level 9.0 Unarmed Combat
 * Level 3.0 Spellcasting
 - Level 6.0 Transmutations
 - Level 4.2 Ice Magic
 - Level 2.1 Poison Magic
 - Level 1.1 Evocations


You had 4 spell levels left.
You knew the following spells:

 Your Spells              Type           Power        Failure   Level  Hunger
a - Beastly Appendage     Tmut           ###...       7%          1    #......
b - Sticks to Snakes      Tmut           ###.....     9%          2    ##.....
c - Spider Form           Tmut/Pois      ###.......   26%         3    ###....
d - Ice Form              Ice/Tmut       ###.....     43%         4    #####..

Your spell library contained the following spells:

 Spells                   Type           Power        Failure   Level  Hunger
 Ensorcelled Hibernation  Hex/Ice        #.....       28%         2    ##.....
 Corona                   Hex            #......      38%         1    #......
 Confusing Touch          Hex            #.......     71%         3    ###....
 Dazzling Flash           Conj/Hex       #.....       71%         3    ###....
 Tukima's Dance           Hex            #.......     71%         3    ###....
 Blade Hands              Tmut           ###.......   63%         5    ######.


Dungeon Overview and Level Annotations

Branches:
Dungeon (6/15)             Temple (1/1) D:4

Altars:
Ashenzari
Cheibriados
Dithmenos
Kikubaaqudgha
Makhleb
Nemelex Xobeh
Okawaru
Qazlal
Ru
Sif Muna
Trog
Uskayaw
Vehumet
Wu Jian
Xom
Yredelemnul
Zin
The Shining One


Innate Abilities, Weirdness & Mutations

((You can breathe waves of freezing cold.))
((You can buffet flying creatures when you breathe cold.))
((Your icy white scales are hard. (AC +7)))
You cannot fit into any form of body armour.
((Your flesh is cold resistant. (rC+)))
((You are cold-blooded and may be slowed by cold attacks.))


Message History

You barely miss the orc. The orc hits you with a +0 dagger.
An adder skeleton comes into view.
You bite the orc!
You kill the orc!
Sif Muna accepts your kill.
The orc priest mumbles some strange prayers to Beogh against you.
Beogh smites you!
You are too injured to fight recklessly!
Unknown command.
Unknown command.
The orc priest calls down the wrath of Beogh upon you.
Beogh smites you!
* * * LOW HITPOINT WARNING * * *
Found an escape hatch in the ceiling.
The orc priest mumbles some strange prayers to Beogh against you.
Pain shoots through your body!
* * * LOW HITPOINT WARNING * * *
The orc priest invokes the aid of Beogh against you.
Beogh smites you!
You die...

# #### #########....
............. .............
............. #
.............#########.#
##....##.... #..<...'...
##....#########.s...#
.#....##.....##.....#
.#....#.......#.....#
.#>...'.......#.....#
##.##.##.##..##....##
##.##.##.###.#.o############
..................o.#.......
...............⌠....oZ......
...........P≈P......#o......


You could see an orc priest.

Vanquished Creatures
  A hippogriff (D:4)
  Sigmund (D:5)
  Edmund (D:5)
  2 ice beasts (D:6)
  A black bear (D:5)
  2 ogres (D:5)
  A centaur (D:5)
  A scorpion (D:6)
  6 killer bees (D:5)
  A howler monkey (D:6)
  3 crimson imps
  A bullfrog zombie (D:5)
  A gnoll shaman (D:4)
  4 hounds
  5 orc priests
  A bullfrog skeleton (D:6)
  An iguana (D:4)
  An orc wizard (D:3)
  2 worker ants
  Natasha (twice) (D:2)
  A killer bee zombie (D:5)
  3 hound zombies
  3 hound skeletons
  7 gnolls
  A howler monkey skeleton (D:5)
  2 shadow imps
  An ooze (D:2)
  5 worms
  2 dart slugs
  3 leopard geckos
  31 orcs
  8 bats
  2 giant cockroaches
  6 hobgoblins
  4 quokkas
  6 frilled lizards
  7 goblins
  A jackal skeleton (D:5)
  7 kobolds
  A leopard gecko skeleton (D:4)
  2 leopard gecko zombies (D:5)
  5 rats
146 creatures vanquished.

Notes
Turn   | Place    | Note
-------+----------+-------------------------------------------
     0 | D:1      | gruber the Draconian Transmuter began the quest for the
                  | Orb.
     0 | D:1      | Reached XP level 1. HP: 16/16 MP: 3/3
   184 | D:1      | Reached XP level 2. HP: 10/23 MP: 5/5
   643 | D:1      | Learned a level 2 spell: Sticks to Snakes
  1057 | D:2      | Reached XP level 3. HP: 17/29 MP: 6/6
  1062 | D:2      | Learned a level 3 spell: Spider Form
  1353 | D:2      | Noticed Natasha
  1359 | D:2      | Killed Natasha
  1359 | D:2      | Reached skill level 4 in Unarmed Combat
  1595 | D:2      | Noticed Natasha
  1604 | D:2      | Killed Natasha
  1604 | D:2      | Reached XP level 4. HP: 32/36 MP: 3/7
  2053 | D:2      | Found a radiant altar of Vehumet.
  2484 | D:2      | Reached skill level 1 in Poison Magic
  2484 | D:2      | Reached XP level 5. HP: 27/41 MP: 4/8
  3332 | D:4      | Reached XP level 6. HP: 12/48 MP: 5/9
  3637 | D:4      | Found a staircase to the Ecumenical Temple.
  3831 | Temple   | Entered the Ecumenical Temple
  4026 | Temple   | Became a worshipper of Sif Muna the Loreminder
  4099 | D:4      | Reached skill level 5 in Transmutations
  4450 | D:4      | Noticed a hippogriff
  4465 | D:4      | Killed a hippogriff
  4465 | D:4      | Your scales start taking on an icy white colour.
  4465 | D:4      | Reached XP level 7. HP: 45/59 MP: 5/11
  4465 | D:4      | Gained mutation: Your flesh is cold resistant. (rC+) [White
                  | Draconian growth]
  4471 | D:4      | Learned a level 4 spell: Ice Form
  4600 | D:4      | Found a burning altar of Makhleb.
  4913 | D:5      | Entered Level 5 of the Dungeon
  4978 | D:5      | Reached skill level 1 in Ice Magic
  5011 | D:5      | Reached skill level 1 in Evocations
  5203 | D:5      | Reached * piety under Sif Muna
  5292 | D:5      | Noticed Sigmund
  5298 | D:5      | Killed Sigmund
  5298 | D:5      | Reached XP level 8. HP: 66/66 MP: 8/12
  5363 | D:5      | Noticed Edmund
  5376 | D:5      | Killed Edmund
  5376 | D:5      | Reached skill level 5 in Unarmed Combat
  5917 | D:5      | Reached skill level 6 in Unarmed Combat
  6045 | D:5      | Reached skill level 7 in Unarmed Combat
  6538 | D:5      | Reached skill level 8 in Unarmed Combat
  6817 | D:6      | Reached XP level 9. HP: 71/71 MP: 8/13
  7058 | D:6      | Reached skill level 9 in Unarmed Combat
  7102 | D:6      | Found a glowing golden altar of the Shining One.
  7125 | D:6      | Killed from afar by an orc priest

Illustrated notes

Levels and vault maps discovered:
D:1:      dpeg_arrival_tiny_j, layout_rooms
D:2:      layout_basic, nicolae_overflow_crystal_walls, uniq_natasha
D:3:      layout_rooms, minmay_circle_x
D:4:      layout_loops_ring, lemuel_coloured_pillars_altar,
          minmay_temple_entry_junction_2, first_ration,
          kennysheep_decorative_pillar
D:5:      layout_gridville, serial_undead, serial_undead_b, serial_undead_a,
          serial_undead_c, serial_undead_d, uniq_edmund, uniq_sigmund
D:6:      layout_gridville, tso_oasis_becter, serial_shops, nicolae_shop_stone
Temple:   regret_index_temple_generic_petals

Skill      XL: |  1  2  3  4  5  6  7  8  9 |
---------------+----------------------------+-----
Dodging        | 2 |  2.2
Fighting       | 2 4 |  4.2
Unarmed Combat | 4 8 9 |  9.0
Poison Magic   | 1 2 |  2.1
Transmutations | 4 5 6 |  6.0
Spellcasting   | 3 |  3.0
Ice Magic      | 4 |  4.2
Evocations     | 1 |  1.1

Action                   |  1- 3 |  4- 6 |  7- 9 || total
-------------------------+-------+-------+-------++-------
Melee: Unarmed           |   136 |   196 |   229 ||   561
       Kick              |     2 |       |       ||     2
       Tailslap          |    14 |    10 |     6 ||    30
       Punch             |     1 |       |     2 ||     3
       Headbutt          |       |     1 |       ||     1
 Cast: Beastly Appendage |     3 |     1 |       ||     4
       Spider Form       |     2 |    16 |    17 ||    35
       Ice Form          |       |       |     8 ||     8
 Stab: Sleeping          |       |     1 |     1 ||     2
       Distracted        |       |       |     1 ||     1
  Eat: Chunk             |     2 |    12 |     9 ||    23
       Ration            |       |       |     1 ||     1
Armor: Skin              |    59 |    11 |    30 ||   100
Dodge: Dodged            |   139 |   143 |   188 ||   470
